 Dungeon Crawl Stone Soup version 0.14.1-18-g0856e53 (webtiles) character file.

95 Kae the Firebug (level 3, 0/19 HPs)
             Began as a Deep Elf Fire Elementalist on June 4, 2014.
             Slain by an adder (2 damage)
             ... on Level 2 of the Dungeon.
             The game lasted 00:02:01 (1821 turns).

Kae the Firebug (Deep Elf Fire Elementalist)        Turns: 1821, Time: 00:02:01

HP   0/19        AC  3     Str  5      XL: 3   Next: 51%
MP  11/11        EV 13     Int 20      God:
Gold 46          SH  0     Dex 15      Spells:  2 memorised,  5 levels left

rFire  . . .     SeeInvis .     (no weapon)
rCold  . . .     Clarity  .     a - +0 robe
rNeg   . . .     Conserve .     (no shield)
rPois  .         rCorr    .     (no helmet)
rElec  .         rRot     .     l - +0 cloak
SustAb . .       Spirit   .     (no gloves)
rMut   .         Warding  .     (no boots)
Saprov . . .     Stasis   .     q - amulet of inaccuracy {unknown}
MR     .....                    (no ring)
                                p - ring of wizardry

@: lethally poisoned, not resistant to hostile enchantments, fairly stealthy
A: no striking features
a: no special abilities


You were on level 2 of the Dungeon.
You were not hungry.

You visited 1 branch of the dungeon, and saw 2 of its levels.

You collected 46 gold pieces.

Inventory:

Armour
 a - a +0 robe (worn)
 l - a +0 cloak (worn)
Comestibles
 c - 4 bread rations
 f - a lemon
 m - a meat ration
 s - a chunk of worm flesh
Scrolls
 d - a scroll of fear {unknown}
 g - 2 scrolls of amnesia {unknown}
 h - 3 scrolls of identify {unknown}
 i - a scroll of remove curse {unknown}
 j - a scroll of random uselessness {unknown}
 k - a scroll of enchant weapon II {unknown}
 o - 2 scrolls of recharging {unknown}
 r - 2 scrolls of fog {unknown}
Jewellery
 p - a ring of wizardry (left hand)
 q - an amulet of inaccuracy (around neck) {unknown}
Potions
 n - a potion of heal wounds {unknown}
Books
 b - a book of Flames

   Spells                             Type                      Level
   *Flame Tongue                      Conjuration/Fire             1
   *Throw Flame                       Conjuration/Fire             2
   Conjure Flame                      Conjuration/Fire             3
   Inner Flame                        Hexes/Fire                   3
   Sticky Flame                       Conjuration/Fire             4
   Fireball                           Conjuration/Fire             5


   Skills:
 - Level 2.4 Dodging
 - Level 2.4 Stealth
 + Level 3.4 Spellcasting
 * Level 2.8 Conjurations
 * Level 4.0 Fire Magic


You had 5 spell levels left.
You knew the following spells:

 Your Spells              Type           Power        Failure   Level  Hunger
a - Flame Tongue          Conj/Fire      ###..        1%          1    None
b - Throw Flame           Conj/Fire      ###...       2%          2    ##.....


Dungeon Overview and Level Annotations

Branches:
Dungeon (2/15)

Altars:
Xom


Message History

Confirm with . or Enter, or press ? or * to list all spells.
Aiming: Flame Tongue
Press: ? - help, Shift-Dir - straight line, f/p - adder
Aim: an adder (heavily wounded)
The flame tongue hits the adder.
The adder is almost dead.
* * * LOW HITPOINT WARNING * * *
You feel sick. The adder closely misses you.
You closely miss the adder.
The adder is almost dead.
The adder bites you but does no damage.
Drink which item? (? for menu, Esc to quit)
Magic courses through your body.
It was a potion of magic.
* * * LOW HITPOINT WARNING * * *
You feel sick. The adder completely misses you. The adder barely misses you.
You barely miss the adder.
The adder is almost dead.
* * * LOW HITPOINT WARNING * * *
You feel sick. The adder bites you.
You die...

#....#....#
#....#.%..#########
#....'....'........
#....#....#########
#....#....#
#....#....#
#....###### #....#
#%@..# ###S########
#....S.....#
#..........#
#....[%....#
#..........#
#..........#
#..........
#.........


You could see an adder.

Vanquished Creatures
  A worm (D:2)
  A giant gecko (D:1)
  A ball python (D:2)
  7 bats
  4 goblins
  2 hobgoblins
  5 jackals (D:2)
  3 quokkas (D:2)
  2 giant newts
  7 kobolds
  6 rats
39 creatures vanquished.

Vanquished Creatures (others)
  A kobold (D:1)
1 creature vanquished.

Grand Total: 40 creatures vanquished

Notes
Turn   | Place    | Note
--------------------------------------------------------------
     0 | D:1      | Kae, the Deep Elf Fire Elementalist, began the quest for the Orb.
     0 | D:1      | Reached XP level 1. HP: 10/10 MP: 5/5
    18 | D:1      | Found a shimmering altar of Xom.
   257 | D:1      | Found a shimmering altar of Xom.
   258 | D:1      | Found a shimmering altar of Xom.
   263 | D:1      | Found a shimmering altar of Xom.
   367 | D:1      | Reached XP level 2. HP: 13/15 MP: 3/8
   588 | D:1      | Found a shimmering altar of Xom.
   589 | D:1      | Found a shimmering altar of Xom.
   910 | D:2      | Learned a level 2 spell: Throw Flame
  1280 | D:2      | Reached XP level 3. HP: 19/19 MP: 8/11
  1810 | D:2      | Reached skill level 4 in Fire Magic
  1821 | D:2      | Slain by an adder

Action                   || total
-------------------------++-------
Melee: Unarmed           ||    35
 Cast: Flame Tongue      ||    70
       Throw Flame       ||     2
  Use: Potion            ||     1
 Stab: Sleeping          ||     1
